APP
SEATTLE (APP) MARINERS @ BURLINGTON ROYALS
09/08/2049
 
TOP OF THE 1ST
Seattle (APP) Mariners batting - Pitching for Burlington Royals : LHP Billy Wessel
Pitching: LHP Billy Wessel
Batting: RHB Carlton McDonald 0-0: Called Strike
0-1: Foul Ball, location: 2F
0-2: Ground out 4-3 (Groundball, 34, EV 102.5 MPH)
Batting: RHB Caleb Dean 0-0: Ball
1-0: Ball
2-0: Ball
3-0: Base on Balls
Batting: LHB William Gonzales 0-0: Ball
Caleb Dean steals 2nd base
1-0: Ball
Caleb Dean steals 3rd base
2-0: Ball
3-0: Called Strike
3-1: Base on Balls
Batting: RHB Rich Griffith 0-0: Ball
1-0: Ball
2-0: Ball
3-0: Base on Balls
William Gonzales to second
Batting: RHB Eddie Luna 0-0: Foul Ball, location: 2F
0-1: Ball
1-1: Ball
2-1: Called Strike
2-2: Ball
3-2: Base on Balls
Caleb Dean scores
William Gonzales to third
Rich Griffith to second
Batting: RHB Joaquin Salazar 0-0: Fly out, F9 (Flyball, 9D, EV 91.9 MPH)
Runner from 3rd tags up, SCORES, no throw by RF
Rich Griffith to third
Batting: RHB Ziven Badersky 0-0: Ball
1-0: Foul Ball, location: 2F
1-1: Fly out, F3 (Line Drive, 3, EV 63.8 MPH)
Top of the 1st over - 2 runs, 0 hits, 0 errors, 2 left on base; Seattle (APP) 2 - Burlington 0
BOTTOM OF THE 1ST
Burlington Royals batting - Pitching for Seattle (APP) Mariners : LHP Tristan Martin
Pitching: LHP Tristan Martin
Batting: RHB Kyle Finney 0-0: Ground out 4-3 (Groundball, 34, EV 77.5 MPH)
Batting: RHB Josh Massey 0-0: Called Strike
0-1: Ball
1-1: Ball
2-1: Ball
3-1: Base on Balls
Batting: RHB Luis Mendoza 0-0: Ball
1-0: Ball
2-0: Ball
3-0: Base on Balls
Josh Massey to second
Batting: RHB Simon Sultzbach 0-0: Foul Ball, location: 2F
0-1: Ball
1-1: Foul Ball, location: 2F
1-2: Strikes out looking
Batting: RHB Esteban Acuna 0-0: Ball
1-0: Swinging Strike
1-1: Swinging Strike
1-2: Strikes out looking
Bottom of the 1st over - 0 runs, 0 hits, 0 errors, 2 left on base; Seattle (APP) 2 - Burlington 0
TOP OF THE 2ND
Seattle (APP) Mariners batting - Pitching for Burlington Royals : LHP Billy Wessel
Batting: LHB Garrett Dodge 0-0: Ground out 3-1 (Groundball, 34, EV 104.4 MPH)
Batting: RHB Steve Carmichael 0-0: Called Strike
0-1: Called Strike
0-2: Ground out 2-3 (Groundball, 15S, EV 67.5 MPH)
Batting: RHB Carlton McDonald 0-0: Ball
1-0: Foul Ball, location: 2F
1-1: Ball
2-1: Ball
3-1: Base on Balls
Batting: RHB Caleb Dean 0-0: Ball
1-0: Ball
2-0: Called Strike
2-1: DOUBLE (Line Drive, 7LM, EV 107.5 MPH)
Carlton McDonald to third
Runner from 3rd tries for Home, SAFE, throw by LF to home
Batting: LHB William Gonzales 0-0: Ball
1-0: Foul Ball, location: 2F
1-1: Foul Ball, location: 2F
1-2: Ball
2-2: Foul Ball, location: 2F
2-2: Foul Ball, location: 2F
2-2: Foul Ball, location: 2F
2-2: SINGLE (Groundball, 34D, EV 104.4 MPH)
Caleb Dean to third
Runner from 3rd tries for Home, SAFE, throw by RF to home
Batting: RHB Rich Griffith 0-0: Called Strike
0-1: Ball
1-1: Ground out 4-3 (Groundball, 4, EV 90.6 MPH)
Top of the 2nd over - 2 runs, 2 hits, 0 errors, 1 left on base; Seattle (APP) 4 - Burlington 0
BOTTOM OF THE 2ND
Burlington Royals batting - Pitching for Seattle (APP) Mariners : LHP Tristan Martin
Batting: RHB Matt Weddle 0-0: Called Strike
0-1: Swinging Strike
0-2: Strikes out swinging
Batting: RHB Nick Spriggs 0-0: Foul Ball, location: 2F
0-1: Ball
1-1: Ground out 6-3 (Groundball, 6, EV 79.4 MPH)
Batting: RHB Ramiro Castillo 0-0: Ball
1-0: Called Strike
1-1: Ball
2-1: Ball
3-1: Called Strike
3-2: SINGLE (Line Drive, 34, EV 100.0 MPH)
Batting: RHB Danny Jefferies 0-0: Foul Ball, location: 2F
0-1: SINGLE (Groundball, 56D, EV 96.2 MPH)
Ramiro Castillo to second
Batting: RHB Kyle Finney 0-0: Called Strike
0-1: Ball
1-1: Ball
Wild Pitch!
Ramiro Castillo to third
Danny Jefferies to second
2-1: Foul Ball, location: 2F
2-2: Foul Ball, location: 2F
2-2: Ball
3-2: Strikes out swinging
Bottom of the 2nd over - 0 runs, 2 hits, 0 errors, 2 left on base; Seattle (APP) 4 - Burlington 0
TOP OF THE 3RD
Seattle (APP) Mariners batting - Pitching for Burlington Royals : LHP Billy Wessel
Batting: RHB Eddie Luna 0-0: Ball
1-0: Foul Ball, location: 2F
1-1: Ball
2-1: Ball
3-1: Base on Balls
Batting: RHB Joaquin Salazar 0-0: Swinging Strike
0-1: Fielders Choice at 2nd, 4-6 (Groundball, 4, EV 85.0 MPH)
Batting: RHB Ziven Badersky 0-0: Ball
Joaquin Salazar is caught stealing 2nd base 2-4
1-0: Ball
2-0: Foul Ball, location: 2F
2-1: Ground out U3 (Groundball, 34S, EV 81.9 MPH)
Top of the 3rd over - 0 runs, 0 hits, 0 errors, 0 left on base; Seattle (APP) 4 - Burlington 0
BOTTOM OF THE 3RD
Burlington Royals batting - Pitching for Seattle (APP) Mariners : LHP Tristan Martin
Batting: RHB Josh Massey 0-0: Foul Ball, location: 2F
0-1: Called Strike
0-2: Ball
1-2: Ball
2-2: Ball
3-2: Foul Ball, location: 2F
3-2: Fly out, F8 (Flyball, 8LD, EV 85.0 MPH)
Batting: RHB Luis Mendoza 0-0: Ball
1-0: Swinging Strike
1-1: Foul Ball, location: 2F
1-2: Ball
2-2: Ball
3-2: Base on Balls
Batting: RHB Simon Sultzbach 0-0: Called Strike
Luis Mendoza steals 2nd base
0-1: Ground out 5-3 (Groundball, 56D, EV 103.8 MPH)
Batting: RHB Esteban Acuna 0-0: Fly out, F8 (Flyball, 8RM, EV 91.2 MPH)
Bottom of the 3rd over - 0 runs, 0 hits, 0 errors, 1 left on base; Seattle (APP) 4 - Burlington 0
TOP OF THE 4TH
Seattle (APP) Mariners batting - Pitching for Burlington Royals : LHP Billy Wessel
Batting: LHB Garrett Dodge 0-0: Called Strike
0-1: Ball
1-1: Called Strike
1-2: Ball
2-2: Strikes out swinging, 2-3 out at first.
Batting: RHB Steve Carmichael 0-0: Foul Ball, location: 2F
0-1: Ball
1-1: Ball
2-1: Ground out 1-3 (Groundball, 13S, EV 66.9 MPH)
Batting: RHB Carlton McDonald 0-0: Ball
1-0: Foul Ball, location: 2F
1-1: Ground out 4-3 (Groundball, 4S, EV 70.0 MPH)
Top of the 4th over - 0 runs, 0 hits, 0 errors, 0 left on base; Seattle (APP) 4 - Burlington 0
BOTTOM OF THE 4TH
Burlington Royals batting - Pitching for Seattle (APP) Mariners : LHP Tristan Martin
Batting: RHB Matt Weddle 0-0: SINGLE (Groundball, 56D, EV 98.8 MPH)
Batting: RHB Nick Spriggs 0-0: Fielders Choice at 2nd, 5-4 (Groundball, 5, EV 101.2 MPH)
Batting: RHB Ramiro Castillo 0-0: Ball
1-0: Ball
2-0: Ball
3-0: Called Strike
3-1: Base on Balls
Nick Spriggs to second
Batting: RHB Danny Jefferies 0-0: Called Strike
0-1: Fly out, F5 (Popup, 25, EV 87.5 MPH)
Batting: RHB Kyle Finney 0-0: Ball
1-0: Ball
2-0: Called Strike
2-1: Fly out, F8 (Flyball, 89D, EV 100.0 MPH)
Bottom of the 4th over - 0 runs, 1 hit, 0 errors, 2 left on base; Seattle (APP) 4 - Burlington 0
TOP OF THE 5TH
Seattle (APP) Mariners batting - Pitching for Burlington Royals : LHP Billy Wessel
Batting: RHB Caleb Dean 0-0: Ball
1-0: Ball
2-0: Ball
3-0: Called Strike
3-1: Called Strike
3-2: Base on Balls
Batting: LHB William Gonzales 0-0: Foul Ball, location: 2F
0-1: Swinging Strike
0-2: Foul Ball, location: 2F
0-2: Ball
1-2: Foul Ball, location: 2F
1-2: Fly out, F6 (Popup, 6, EV 71.9 MPH)
Pitching: RHP David Bialas
Batting: RHB Rich Griffith 0-0: Ball
1-0: Ball
2-0: Called Strike
2-1: Foul Ball, location: 2F
2-2: Foul Ball, location: 2F
2-2: Ball
3-2: Foul Ball, location: 2F
3-2: DOUBLE (Flyball, 8RXD, EV 100.6 MPH)
Caleb Dean to third
Batting: RHB Eddie Luna 0-0: Ball
1-0: 3-RUN HOME RUN (Flyball, 9D, EV 97.5 MPH), Distance : 360 ft
Batting: RHB Joaquin Salazar 0-0: Foul Ball, location: 2F
0-1: Ball
1-1: Ball
2-1: SINGLE (Groundball, 3S, EV 98.8 MPH)
Batting: RHB Ziven Badersky 0-0: Called Strike
0-1: 2-RUN HOME RUN (Flyball, 7D, EV 96.2 MPH), Distance : 368 ft
Pitching: LHP Omar Nogueira
Batting: LHB Garrett Dodge 0-0: Ball
1-0: Ball
2-0: Ball
3-0: Base on Balls
Batting: RHB Steve Carmichael 0-0: Swinging Strike
0-1: Foul Ball, location: 2F
0-2: Ball
1-2: DOUBLE (Line Drive, 8RXD, EV 101.2 MPH)
Garrett Dodge to third
Batting: RHB Carlton McDonald 0-0: DOUBLE (Line Drive, 5D, EV 105.0 MPH)
Garrett Dodge scores
Steve Carmichael scores
Batting: RHB Caleb Dean 0-0: Called Strike
0-1: Swinging Strike
0-2: Foul Ball, location: 2F
0-2: Strikes out swinging
Batting: LHB William Gonzales 0-0: Ball
1-0: Ball
2-0: Called Strike
2-1: 2-RUN HOME RUN (Flyball, 7LD, EV 92.5 MPH), Distance : 346 ft
Batting: RHB Rich Griffith 0-0: Called Strike
0-1: Ball
1-1: Swinging Strike
1-2: Foul Ball, location: 2F
1-2: Foul Ball, location: 2F
1-2: Foul Ball, location: 2F
1-2: Ball
2-2: Strikes out swinging
Top of the 5th over - 9 runs, 7 hits, 0 errors, 0 left on base; Seattle (APP) 13 - Burlington 0
BOTTOM OF THE 5TH
Burlington Royals batting - Pitching for Seattle (APP) Mariners : LHP Tristan Martin
Batting: RHB Josh Massey 0-0: Ball
1-0: Ball
2-0: Swinging Strike
2-1: Foul Ball, location: 2F
2-2: Foul Ball, location: 2F
2-2: Ball
3-2: Strikes out swinging
Batting: RHB Luis Mendoza 0-0: Ball
1-0: Fly out, F8 (Flyball, 8RS, EV 90.0 MPH)
Batting: RHB Simon Sultzbach 0-0: Ball
1-0: Ball
2-0: Ball
3-0: Called Strike
3-1: Ground out 6-3 (Groundball, 6, EV 102.5 MPH)
Bottom of the 5th over - 0 runs, 0 hits, 0 errors, 0 left on base; Seattle (APP) 13 - Burlington 0
TOP OF THE 6TH
Seattle (APP) Mariners batting - Pitching for Burlington Royals : LHP Omar Nogueira
Pitching: RHP Jimmy Black
Batting: RHB Eddie Luna 0-0: SINGLE (Groundball, 6MD, EV 99.4 MPH)
Batting: RHB Joaquin Salazar 0-0: Called Strike
0-1: Fly out, F8 (Line Drive, 89M, EV 91.2 MPH)
Batting: RHB Ziven Badersky 0-0: Ball
1-0: Fly out, F8 (Flyball, 89S, EV 89.4 MPH)
Batting: LHB Garrett Dodge 0-0: Ball
1-0: Ball
2-0: Called Strike
2-1: Foul Ball, location: 2F
2-2: DOUBLE (Line Drive, 5D, EV 95.0 MPH)
Eddie Luna to third
Runner from 3rd tries for Home, SAFE, no throw by LF
Batting: RHB Steve Carmichael 0-0: Foul Ball, location: 2F
0-1: Foul Ball, location: 2F
0-2: Ball
1-2: Ball
Wild Pitch!
Garrett Dodge to third
2-2: SINGLE (Line Drive, 7S, EV 106.2 MPH)
Garrett Dodge scores
Batting: RHB Carlton McDonald 0-0: Ball
1-0: Ball
2-0: Ball
3-0: Foul Ball, location: 2F
3-1: Base on Balls
Steve Carmichael to second
Batting: RHB Caleb Dean 0-0: Called Strike
0-1: SINGLE (Flyball, 78S, EV 95.0 MPH)
Steve Carmichael to third
Carlton McDonald to second
Batting: LHB William Gonzales 0-0: Called Strike
0-1: Ball
1-1: Ball
2-1: SINGLE (Groundball, 34D, EV 101.2 MPH)
Steve Carmichael scores
Carlton McDonald to third
Caleb Dean to second
Throwing error, E9
Carlton McDonald scores
Caleb Dean to third
William Gonzales to second
Pitching: LHP Javy Rueda
Batting: RHB Rich Griffith 0-0: Ball
1-0: Ball
2-0: Called Strike
2-1: Hit by Pitch
Batting: RHB Eddie Luna 0-0: Foul Ball, location: 2F
0-1: Ball
1-1: Foul Ball, location: 2F
1-2: Fielders Choice at 2nd, 6-4 (Groundball, 6, EV 81.2 MPH)
Top of the 6th over - 4 runs, 5 hits, 1 error, 3 left on base; Seattle (APP) 17 - Burlington 0
BOTTOM OF THE 6TH
Burlington Royals batting - Pitching for Seattle (APP) Mariners : LHP Tristan Martin
Batting: RHB Esteban Acuna 0-0: Ball
1-0: Ground out 5-3 (Groundball, 56, EV 93.8 MPH)
Batting: RHB Matt Weddle 0-0: Ball
1-0: Called Strike
1-1: Ball
2-1: Foul Ball, location: 2F
2-2: Strikes out swinging
Batting: RHB Nick Spriggs 0-0: Fly out, F7 (Flyball, 7S, EV 86.2 MPH)
Bottom of the 6th over - 0 runs, 0 hits, 0 errors, 0 left on base; Seattle (APP) 17 - Burlington 0
TOP OF THE 7TH
Seattle (APP) Mariners batting - Pitching for Burlington Royals : LHP Javy Rueda
Batting: RHB Joaquin Salazar 0-0: Foul Ball, location: 2F
0-1: Ball
1-1: Swinging Strike
1-2: Ball
2-2: Strikes out swinging
Batting: RHB Ziven Badersky 0-0: Called Strike
0-1: Ball
1-1: Swinging Strike
1-2: Hit by Pitch
Batting: LHB Garrett Dodge 0-0: Swinging Strike
0-1: SINGLE (Groundball, 34D, EV 94.4 MPH)
Ziven Badersky to second
Runner from 2nd tries for 3rd, SAFE, throw by RF made to third
Batting: RHB Steve Carmichael 0-0: Ball
1-0: Foul Ball, location: 2F
1-1: Foul Ball, location: 2F
1-2: Foul Ball, location: 2F
1-2: Foul Ball, location: 2F
1-2: Foul Ball, location: 2F
1-2: Ball
2-2: Foul Ball, location: 2F
2-2: Foul Ball, location: 2F
2-2: Foul Ball, location: 2F
2-2: SINGLE (Groundball, 56S, EV 68.8 MPH) (infield hit)
Ziven Badersky scores
Garrett Dodge to second
Batting: RHB Carlton McDonald 0-0: Ball
1-0: Ball
2-0: Swinging Strike
2-1: Fielders Choice at 2nd, 5-4 (Groundball, 56, EV 106.9 MPH)
Garrett Dodge to third
Batting: RHB Caleb Dean 0-0: Ball
1-0: Called Strike
1-1: Foul Ball, location: 2F
1-2: DOUBLE (Flyball, 78XD, EV 96.9 MPH)
Garrett Dodge scores
Carlton McDonald to third
Runner from 3rd tries for Home, SAFE, no throw by LF
Batting: LHB William Gonzales Balk!
Caleb Dean to third
0-0: Ball
1-0: Ball
2-0: Ball
3-0: Swinging Strike
3-1: Base on Balls
Batting: RHB Rich Griffith 0-0: Fly out, F8 (Line Drive, 8RM, EV 105.6 MPH)
Top of the 7th over - 3 runs, 3 hits, 0 errors, 2 left on base; Seattle (APP) 20 - Burlington 0
BOTTOM OF THE 7TH
Burlington Royals batting - Pitching for Seattle (APP) Mariners : LHP Tristan Martin
Pitching: LHP David Reyes
Batting: RHB Ramiro Castillo 0-0: DOUBLE (Flyball, 8RXD, EV 99.4 MPH)
Batting: RHB Danny Jefferies 0-0: Ball
1-0: Foul Ball, location: 2F
1-1: Foul Ball, location: 2F
1-2: Ball
2-2: Strikes out swinging
Batting: RHB Kyle Finney 0-0: Fly out, F8 (Flyball, 89M, EV 95.0 MPH)
Batting: RHB Josh Massey 0-0: Called Strike
Balk!
Ramiro Castillo to third
0-1: Ball
1-1: Foul Ball, location: 2F
1-2: Foul Ball, location: 2F
1-2: SINGLE (Groundball, 56, EV 111.2 MPH) (infield hit)
Ramiro Castillo scores
Batting: RHB Luis Mendoza 0-0: Foul Ball, location: 2F
0-1: Ball
1-1: Called Strike
1-2: Ball
2-2: Ball
3-2: Foul Ball, location: 2F
3-2: SINGLE (Line Drive, 9S, EV 86.9 MPH)
Josh Massey to second
Josh Massey to third
Batting: RHB Simon Sultzbach 0-0: Ball
1-0: Ball
2-0: Ball
3-0: Called Strike
3-1: Swinging Strike
3-2: Base on Balls
Luis Mendoza to second
Pitching: RHP Bryce Blanksby
Batting: RHB Esteban Acuna 0-0: DOUBLE (Flyball, 8LXD, EV 105.6 MPH)
Josh Massey scores
Luis Mendoza scores
Simon Sultzbach to third
Pinch Hitting: RHB Chris Stec 0-0: DOUBLE (Line Drive, 9LM, EV 100.6 MPH)
Simon Sultzbach scores
Esteban Acuna scores
Batting: RHB Nick Spriggs 0-0: Ball
1-0: Ground out 5-3 (Groundball, 56S, EV 81.2 MPH)
Bottom of the 7th over - 5 runs, 5 hits, 0 errors, 1 left on base; Seattle (APP) 20 - Burlington 5
TOP OF THE 8TH
Seattle (APP) Mariners batting - Pitching for Burlington Royals : LHP Javy Rueda
Now at 1B: Chris Stec
Now in LF: Ramiro Castillo
Batting: RHB Eddie Luna 0-0: SOLO HOME RUN (Flyball, 7LD, EV 93.8 MPH), Distance : 351 ft
Pitching: RHP Gary Woodroffe
Batting: RHB Joaquin Salazar 0-0: Ball
1-0: Reached on error, E6 (Groundball, 6D, EV 103.1 MPH)
Batting: RHB Ziven Badersky 0-0: Foul Ball, location: 2F
0-1: SINGLE (Flyball, 6D, EV 96.2 MPH)
Joaquin Salazar to second
Batting: LHB Garrett Dodge 0-0: Called Strike
0-1: Swinging Strike
0-2: Foul Ball, location: 2F
0-2: Foul Ball, location: 2F
0-2: Strikes out swinging
Batting: RHB Steve Carmichael 0-0: Called Strike
0-1: Swinging Strike
0-2: Strikes out swinging
Batting: RHB Carlton McDonald 0-0: Called Strike
0-1: Foul Ball, location: 2F
0-2: Foul Ball, location: 2F
0-2: Ball
Wild Pitch!
Joaquin Salazar to third
Ziven Badersky to second
1-2: Foul Ball, location: 2F
1-2: Ball
2-2: Ball
Wild Pitch!
Joaquin Salazar scores
Ziven Badersky to third
3-2: SINGLE (Groundball, 5S, EV 63.8 MPH) (infield hit)
Ziven Badersky scores
Batting: RHB Caleb Dean 0-0: Foul Ball, location: 2F
0-1: Called Strike
0-2: Ball
1-2: Ball
2-2: Reached on error, E4 (Groundball, 4, EV 81.9 MPH)
Carlton McDonald to second
Pinch Hitting: SHB Frank Amato 0-0: Foul Ball, location: 2F
0-1: Swinging Strike
0-2: Ball
1-2: Foul Ball, location: 2F
1-2: Ball
2-2: Ball
Wild Pitch!
Carlton McDonald to third
Caleb Dean to second
3-2: 3-RUN HOME RUN (Line Drive, 9D, EV 100.6 MPH), Distance : 391 ft
Pitching: RHP Leo Lopez
Batting: RHB Rich Griffith 0-0: Ball
1-0: Foul Ball, location: 2F
1-1: Foul Ball, location: 2F
1-2: Strikes out looking
Top of the 8th over - 6 runs, 4 hits, 2 errors, 0 left on base; Seattle (APP) 26 - Burlington 5
BOTTOM OF THE 8TH
Burlington Royals batting - Pitching for Seattle (APP) Mariners : RHP Bryce Blanksby
Now at 1B: Frank Amato
Batting: RHB Ramiro Castillo 0-0: Ball
1-0: Ball
2-0: Ball
3-0: Called Strike
3-1: Foul Ball, location: 2F
3-2: Strikes out swinging
Batting: RHB Danny Jefferies 0-0: Called Strike
0-1: Ball
1-1: Foul Ball, location: 2F
1-2: Ball
2-2: SINGLE (Groundball, 56D, EV 96.9 MPH)
Batting: RHB Kyle Finney 0-0: Ball
1-0: Called Strike
1-1: Fly out, F9 (Flyball, 9LM, EV 80.0 MPH)
Batting: RHB Josh Massey 0-0: Ball
1-0: Ball
2-0: Called Strike
2-1: Called Strike
2-2: Strikes out swinging
Bottom of the 8th over - 0 runs, 1 hit, 0 errors, 1 left on base; Seattle (APP) 26 - Burlington 5
TOP OF THE 9TH
Seattle (APP) Mariners batting - Pitching for Burlington Royals : RHP Leo Lopez
Batting: RHB Eddie Luna 0-0: Ball
1-0: Ball
2-0: Called Strike
2-1: Ball
3-1: Called Strike
3-2: Base on Balls
Batting: RHB Joaquin Salazar 0-0: Ball
1-0: Ball
2-0: Called Strike
2-1: Swinging Strike
2-2: Foul Ball, location: 2F
2-2: Strikes out swinging
Batting: RHB Ziven Badersky 0-0: Ball
1-0: DOUBLE (Flyball, 8RD, EV 90.0 MPH)
Eddie Luna to third
Throwing error, E8
Eddie Luna scores
Ziven Badersky to third
Pinch Hitting: LHB Yoshihisa Kobayashi 0-0: Ball
1-0: Ball
2-0: Ball
3-0: Base on Balls
Batting: RHB Steve Carmichael 0-0: Ball
1-0: Ball
2-0: Ball
3-0: Base on Balls
Yoshihisa Kobayashi to second
Batting: RHB Carlton McDonald 0-0: Ball
1-0: Hit by Pitch
Ziven Badersky scores
Yoshihisa Kobayashi to third
Steve Carmichael to second
Batting: RHB Caleb Dean 0-0: Ball
1-0: Ball
2-0: DOUBLE (Line Drive, 78M, EV 88.1 MPH)
Yoshihisa Kobayashi scores
Steve Carmichael scores
Carlton McDonald to third
Pitching: RHP John Normand
Batting: SHB Frank Amato 0-0: Ground out 4-3 (Groundball, 34, EV 92.5 MPH)
Carlton McDonald scores
Caleb Dean to third
Batting: RHB Rich Griffith 0-0: Swinging Strike
0-1: Ball
1-1: Called Strike
1-2: Ball
2-2: Fly out, F8 (Flyball, 8RD, EV 106.2 MPH)
Top of the 9th over - 5 runs, 2 hits, 1 error, 1 left on base; Seattle (APP) 31 - Burlington 5
BOTTOM OF THE 9TH
Burlington Royals batting - Pitching for Seattle (APP) Mariners : RHP Bryce Blanksby
Now in RF: Ryan Daniels
Batting: RHB Luis Mendoza 0-0: Swinging Strike
0-1: Swinging Strike
0-2: Ball
1-2: Strikes out swinging
Batting: RHB Simon Sultzbach 0-0: DOUBLE (Groundball, 5L, EV 102.5 MPH)
Batting: RHB Esteban Acuna 0-0: Ball
1-0: Foul Ball, location: 2F
1-1: Called Strike
1-2: Ball
2-2: Strikes out swinging
Batting: RHB Chris Stec 0-0: Called Strike
0-1: Called Strike
0-2: Ball
1-2: Ball
2-2: Ball
3-2: Foul Ball, location: 2F
3-2: Foul Ball, location: 2F
3-2: SINGLE (Line Drive, 78S, EV 97.5 MPH)
Simon Sultzbach to third
Batting: RHB Nick Spriggs 0-0: Fly out, F7 (Flyball, 7S, EV 83.1 MPH)
Bottom of the 9th over - 0 runs, 2 hits, 0 errors, 2 left on base; Seattle (APP) 31 - Burlington 5
Sunday, July 16th , 2023 - OOTP Baseball 24.6 Build 69